 Dungeon Crawl Stone Soup version 0.30-a0-439-g9e77e4d916 (webtiles) character file.

Game seed: 6088957156908583109

150590 cforsyth the Warrior (level 16, -7/159 (160) HPs)
             Began as a Minotaur Berserker on Dec 10, 2022.
             Was the Champion of Trog.
             Mangled by a sixfirhy (10 damage)
             ... on level 3 of the Abyss.
             The game lasted 01:12:25 (28073 turns).

cforsyth the Warrior (Minotaur Berserker)          Turns: 28073, Time: 01:12:26

HP:   -7/159 (160)  AC: 26    Str: 37    XL:     16   Next: 99%
MP:   15/15         EV: 14    Int:  4    God:    Trog [******]
Gold: 3003          SH: 12    Dex: 13    Spells: 15/15 levels left

rFire   + + .      SeeInvis .    O - +4 broad axe (vorpal)
rCold   + + +      Faith    .    n - +1 kite shield {rC+}
rNeg    . . .      Spirit   .    v - +1 fire dragon scales
rPois   +          Reflect  .    l - +2 hat
rElec   .          Harm     .    I - +1 cloak {rPois}
rCorr   +          Rampage  .    W - +0 pair of gloves
Will    +++..                    a - +2 pair of boots
Stlth   +.........               P - amulet of regeneration
HPRegen 1.00/turn                x - ring "Utofoug" {rCorr Str+2 Dex+2}
MPRegen 0.14/turn                b - ring of Jicwublu {Contam rC+++ Str+6 Slay+3 Stlth+}

@: lethally poisoned (-7 -> -17), about to teleport, strong-willed, sick,
regenerating, slowed, studying Axes, lightly drained, very slow
A: horns 2, retaliatory headbutt
a: Renounce Religion, Berserk, Trog's Hand, Brothers in Arms


You were on level 3 of the Abyss.
You worshipped Trog.
Trog was exalted by your worship.
You visited 4 branches of the dungeon, and saw 24 of its levels.
You visited the Abyss 1 time.
You also visited: Sewer, Bailey and Ice Cave.

You collected 3267 gold pieces.
You spent 264 gold pieces at shops.

Inventory:

Hand Weapons
 O - a +4 vorpal broad axe (weapon)
 T - a +3 executioner's axe
Armour
 a - a +2 pair of boots (worn)
 l - a +2 hat (worn)
 n - a +1 kite shield of cold resistance (worn)
 q - the +1 buckler "Jall" {rPois Will+ Dex+4}
   (You found it in a bailey)

   Dex:       It affects your dexterity (+4).
   rPois:     It protects you from poison.
   Will:      It increases your willpower.
 v - +1 fire dragon scales (worn)
 I - a +1 cloak of poison resistance (worn)
 W - a +0 pair of gloves (worn)
 Z - a +0 crystal plate armour
Jewellery
 b - the ring of Jicwublu (right hand) {Contam rC+++ Str+6 Slay+3 Stlth+}
   (You acquired it on level 6 of the Dungeon)

   [ring of strength]

   Str:       It affects your strength (+6).
   Slay:      It affects your accuracy & damage with ranged weapons and melee
   (+3).
   rC:        It renders you almost immune to cold.
   Contam:    It causes magical contamination when unequipped.
   Stlth:     It makes you more stealthy.
 c - a ring of flight
 e - a ring of ice
 m - an amulet of reflection
 x - the ring "Utofoug" (left hand) {rCorr Str+2 Dex+2}
   (You found it on level 3 of the Dungeon)

   [ring of resist corrosion]

   Str:       It affects your strength (+2).
   Dex:       It affects your dexterity (+2).
   rCorr:     It protects you from acid and corrosion.
 H - a ring of protection from cold
 J - the ring "Ovurgh" {rPois Str+4 Int+6}
   (You took it off a spriggan on level 5 of the Lair of Beasts)

   [ring of intelligence]

   Str:       It affects your strength (+4).
   Int:       It affects your intelligence (+6).
   rPois:     It protects you from poison.
 P - an amulet of regeneration (around neck)
 V - a ring of resist corrosion
Wands
 o - a wand of light (9)
 y - a wand of paralysis (9)
 z - a wand of digging (4)
 K - a wand of roots (29)
 N - a wand of flame (16)
 S - a wand of mindburst (9)
 Y - a wand of polymorph (4)
Scrolls
 i - 9 scrolls of teleportation
 j - 11 scrolls of enchant armour
 r - 4 scrolls of fog
 t - 2 scrolls of vulnerability
 G - a scroll of silence
 L - 6 scrolls of fear
 M - 2 scrolls of enchant weapon
 Q - 4 scrolls of summoning
 R - a scroll of brand weapon
 X - 2 scrolls of blinking
Potions
 d - 6 potions of might
 f - 14 potions of heal wounds
 g - 10 potions of curing
 h - 3 potions of haste
 k - 2 potions of cancellation
 p - 2 potions of resistance
 s - 7 potions of mutation
 u - 2 potions of attraction
 w - 5 potions of lignification
 A - 3 potions of invisibility
 B - 2 potions of berserk rage
 D - 4 potions of ambrosia
 E - 3 potions of magic
 F - 4 potions of flight
Miscellaneous
 C - a lightning rod (4/4)
 U - a phial of floods


   Skills:
 + Level 19.3 Fighting
 - Level 18.0 Axes
 + Level 19.1 Armour
 - Level 10.1 Dodging
 + Level 9.2 Shields
 - Level 10.0 Evocations


You had 15 spell levels left.
You didn't know any spells.
Your spell library was empty.

Dungeon Overview and Level Annotations

Branches:
Dungeon (15/15)            Temple (0/1) D:4            Lair (5/5) D:9
 Shoals (0/4) Lair:3        Snake (2/4) Lair:3        Slime (0/5) Lair:4
    Orc (2/2) D:12            Elf (0/3) Orc:2        Vaults (0/5) D:14
 Depths (0/4) D:15          Sewer (visited)          Bailey (visited)
  IceCv (visited)

Altars:
Fedhas
Gozag
Kikubaaqudgha
Makhleb
Qazlal
Zin
Jiyva
Lugonu

Shops:
D:2 ?   D:7 *(*   D:9 ((   D:11 !([*   D:13 :*[:   Orc:2 :![*

Portals:
Abyss: Lair:5
Pandemonium: Orc:2

Annotations:
Snake:2 Louise


Innate Abilities, Weirdness & Mutations

You have a pair of horns on your head.
You reflexively headbutt those who attack you in melee.


Message History

A large abomination comes into view.
The hellion closely misses you.
The sixfirhy hits you but does no damage.
You block the large abomination's attack.
The death drake barely misses you. You furiously retaliate!
You headbutt the death drake.
A starcursed mass splits.
Unknown command.
Unknown command.
Unknown command.
Unknown command.
You slice the hellion!!
You kill the hellion!
Trog accepts your kill.
You miss the sixfirhy. You slash the large abomination!
You slice the death drake!!
You feel extremely sick. You block the sixfirhy's attack.
The sixfirhy hits you but does no damage.
The sixfirhy hits you.
* * * LOW HITPOINT WARNING * * *
The sixfirhy shocks you!
* * * LOW HITPOINT WARNING * * *
The sixfirhy hits you.
* * * LOW HITPOINT WARNING * * *
The sixfirhy shocks you!
* * * LOW HITPOINT WARNING * * *
The golden eye blinks at you. You resist with almost no effort.
The sixfirhy misses you. You block the death drake's attack.
The large abomination hits you but does no damage.
A starcursed mass splits. x2
The golden eye blinks at you. You resist with almost no effort.
The death drake breathes miasma at you. The foul vapour engulfs you.
* * * LOW HITPOINT WARNING * * *
The sixfirhy hits you.
* * * LOW HITPOINT WARNING * * *
The sixfirhy shocks you!
You die...

# ## .# #
##/# #X##.#
#!.3#○#XX
#G#X#○#
######3@○#
##....○#k#○#
#....~#5#Z./#
..
.X.##~###[##
. .## ##. #
## .#.... #
.# . ....# #
# # . .
####..
#......#..
##.


You could see 3 starcursed masses, a death drake, 2 large abominations, a
sixfirhy, a smoke demon, a golden eye, a white imp and a naga warrior skeleton.

Vanquished Creatures
  Rupert (Snake:1)
  Frances (D:13)
  Kirke (Lair:5)
  The ghost of Zonum the Fencer, an adept DjGl of Gozag (Snake:1)
  A nagaraja (Snake:2)
  2 frost giants (IceCv)
  Aizul (Snake:1)
  A white draconian (IceCv)
  The ghost of Hati the Cleaver, a journeyman DsFi of Hepliaklqana (Orc:1)
  A yaktaur captain (D:14)
  A fire dragon (D:15)
  6 hydras
  Harold (D:15)
  Erolcha (Orc:1)
  An ice dragon (D:15)
  9 anacondas
  2 catoblepae
  A centaur warrior (D:13)
  2 demonspawn (Orc:2)
  Erica (D:15)
  5 ironbound frosthearts (IceCv)
  2 boulder beetles
  11 death yaks
  4 two-headed ogres
  2 naga warriors
  A hell hog (Abyss:3)
  9 orc high priests (Orc:2)
  3 shock serpents
  4 thrashing horrors (Lair:5)
  A tengu warrior (D:15)
  Urug (D:15)
  A hell knight (D:15)
  A sun demon (D:13)
  4 naga sharpshooters
  A sea snake (Snake:1)
  19 slime creatures
  2 naga ritualists (Snake:2)
  A wizard (D:15)
  An orange crystal statue (IceCv)
  8 orc knights
  5 deep elf pyromancers
  2 mana vipers
  7 orc sorcerers
  6 cyclopes
  An oklob plant (Lair:4)
  24 ugly things
  2 salamanders
  3 manticores
  Maurice (Orc:2)
  17 elephants
  A torpor snail (Lair:2)
  Joseph (D:9)
  3 naga magi
  11 black mambas
  2 smoke demons (Lair:5)
  Maggie (D:8)
  2 gargoyles (D:11)
  A hellion (Abyss:3)
  An unseen horror (D:13)
  13 cane toads
  2 kobold demonologists (D:11)
  3 freezing wraiths (D:14)
  2 yaktaurs (D:14)
  20 rime drakes
  9 komodo dragons
  2 ancient zymes
  An ice devil (D:13)
  A tengu conjurer (D:15)
  A hellwing (Orc:2)
  3 meliai (D:15)
  22 polar bears
  9 trolls
  A tarantella (shapeshifter) (D:13)
  16 blink frogs
  6 dream sheep (Lair:3)
  2 vampires (D:13)
  A centaur simulacrum (D:14)
  2 ynoxinuls (Lair:5)
  4 spriggans
  10 small abominations (Lair:5)
  A wraith (D:12)
  3 wyverns
  41 yaks
  4 hogs (Lair:5)
  2 steam dragons
  Grum (D:9)
  4 chaos spawn
  A neqoxec (Abyss:3)
  7 basilisks
  4 large abominations
  10 vampire mosquitoes
  13 nagas
  2 wargs
  2 acid dragons (D:13)
  10 water moccasins
  A water moccasin (shapeshifter) (Lair:5)
  Duvessa (D:5)
  5 black bears
  46 orc warriors
  A sky beast (D:8)
  2 ice beasts
  Pargi (Sewer)
  11 ogres
  6 centaurs
  9 wolves
  8 bullfrogs
  13 kobold brigands
  A necrophage (D:6)
  5 scorpions
  Blork the orc (D:5)
  8 wights
  Dowan (D:5)
  21 killer bees
  7 howler monkeys
  5 electric eels
  4 crimson imps (D:13)
  4 hounds
  7 jellies
  34 orc priests
  3 gnoll boudas
  4 hell rats (Lair:1)
  2 iguanas
  19 orc wizards
  5 gnolls (D:6)
  11 adders
  2 river rats (D:4)
  A shadow imp (D:6)
  8 white imps
  4 worms
  3 dart slugs
  120 orcs
  19 ball pythons
  21 endoplasms
  5 giant cockroaches
  12 goblins
  7 hobgoblins
  7 jackals
  6 quokkas
  6 bats
  5 frilled lizards
  40 kobolds
  6 rats
961 creatures vanquished.

Vanquished Creatures (collateral kills)
  A naga ritualist (Snake:1)
1 creature vanquished.

Vanquished Creatures (others)
  A naga ritualist (Snake:1)
  Psyche (D:12)
  2 nagas (Snake:1)
  A kobold (D:11)
  11 fungi
  29 plants
45 creatures vanquished.

Grand Total: 1007 creatures vanquished

Notes
Turn   | Place    | Note
-------+----------+-------------------------------------------
     0 | D:1      | cforsyth the Minotaur Berserker began the quest for the
                  | Orb.
     0 | D:1      | Reached XP level 1. HP: 19/19 MP: 0/0
     1 | D:1      | You fall into a shaft and drop 1 floor!
    82 | D:1      | Reached XP level 2. HP: 13/27 MP: 1/1
   400 | D:1      | Reached ** piety under Trog
   813 | D:2      | Reached XP level 3. HP: 23/33 MP: 2/2
  1302 | D:2      | Found Ykkosaf's Magic Scroll Shoppe.
  2030 | D:3      | Reached XP level 4. HP: 38/41 MP: 3/3
  2399 | D:3      | Identified the ring "Utofoug" {rCorr Str+2 Dex+2}
  2651 | D:3      | Found an opulent altar of Gozag.
  2754 | D:3      | Found a glowing silver altar of Zin.
  2790 | D:4      | Reached XP level 5. HP: 44/47 MP: 4/4
  2821 | D:4      | Reached *** piety under Trog
  2832 | D:4      | Reached skill level 5 in Fighting
  2848 | D:4      | Found a stormy altar of Qazlal.
  2861 | D:4      | Reached skill level 5 in Axes
  2943 | D:4      | Reached XP level 6. HP: 56/56 MP: 5/5
  3030 | D:4      | Found a staircase to the Ecumenical Temple.
  3063 | D:4      | Found a glowing drain.
  3079 | Sewer    | Entered a sewer
  3106 | Sewer    | Noticed Pargi
  3110 | Sewer    | Killed Pargi
  4048 | D:5      | Entered Level 5 of the Dungeon
  4048 | D:5      | Noticed Duvessa
  4048 | D:5      | Noticed Dowan
  4057 | D:5      | Killed Dowan
  4060 | D:5      | Killed Duvessa
  4061 | D:5      | Reached skill level 5 in Armour
  4061 | D:5      | Reached XP level 7. HP: 62/62 MP: 6/6
  4363 | D:5      | Reached skill level 5 in Dodging
  4513 | D:5      | Noticed Blork the orc
  4519 | D:5      | Killed Blork the orc
  4520 | D:5      | Reached XP level 8. HP: 64/71 MP: 7/7
  5204 | D:6      | Identified a scroll of acquirement
  5204 | D:6      | Acquired the ring of Jicwublu {Contam rC+++ Str+6 Slay+3
                  | Stlth+}
  5310 | D:6      | Reached **** piety under Trog
  5406 | D:6      | Noticed a manticore
  5479 | D:6      | Killed a manticore
  5480 | D:6      | Reached XP level 9. HP: 65/81 MP: 8/8
  6774 | D:7      | Found Fonoxt's Antique Weapon Shoppe.
  6776 | D:7      | Found Gott's Assorted Antiques.
  6776 | D:7      | Found Ymnus's General Store.
  7297 | D:8      | Reached XP level 10. HP: 91/91 MP: 9/9
  7345 | D:8      | Found a flagged portal.
  7357 | D:8      | Reached ***** piety under Trog
  7364 | Bailey   | Entered a bailey
  7597 | Bailey   | Identified the +1 buckler "Jall" {rPois Will+ Dex+4}
  7621 | Bailey   | Reached skill level 1 in Shields
  7678 | Bailey   | Found an iron altar of Okawaru.
  7798 | D:8      | Noticed Maggie
  7811 | D:8      | Killed Maggie
  7812 | D:8      | Reached skill level 10 in Fighting
  8172 | D:8      | Found a burning altar of Makhleb.
  8175 | D:8      | Found an ancient bone altar of Kikubaaqudgha.
  8273 | D:8      | Found a blossoming altar of Fedhas.
  8410 | D:9      | Found Isimese's Weapon Emporium.
  8444 | D:9      | Reached skill level 10 in Axes
  8444 | D:9      | Reached skill level 1 in Evocations
  8497 | D:9      | Noticed Joseph
  8509 | D:9      | Killed Joseph
  8661 | D:9      | Found a staircase to the Lair.
  8661 | D:9      | Noticed a death yak
  8662 | D:9      | Noticed a death yak
  8662 | D:9      | Noticed a death yak
  8662 | D:9      | Noticed a death yak
  8662 | D:9      | Noticed a death yak
  8723 | D:8      | Killed a death yak
  8724 | D:8      | Reached skill level 10 in Armour
  9034 | D:9      | Received a gift from Trog
  9137 | D:7      | Bought a glowing broad axe for 182 gold pieces
  9214 | D:8      | Killed a death yak
  9215 | D:8      | Reached XP level 11. HP: 101/101 MP: 10/10
  9216 | D:8      | Killed a death yak
  9422 | D:9      | Killed a death yak
  9423 | D:9      | Killed a death yak
  9795 | D:9      | Reached skill level 5 in Shields
  9980 | D:9      | Noticed Grum
  9996 | D:9      | Killed Grum
 10111 | D:9      | Found Aceyprae's Weapon Shop.
 10126 | D:9      | Received a gift from Trog
 10261 | D:10     | Entered Level 10 of the Dungeon
 10268 | D:10     | Reached skill level 10 in Dodging
 10460 | D:10     | Noticed a two-headed ogre
 10468 | D:10     | Killed a two-headed ogre
 10560 | D:10     | Noticed a two-headed ogre
 10566 | D:10     | Killed a two-headed ogre
 11243 | D:11     | Reached XP level 12. HP: 92/111 MP: 11/11
 11325 | D:11     | Noticed a boulder beetle
 11347 | D:11     | Killed a boulder beetle
 11348 | D:11     | Reached skill level 5 in Evocations
 11370 | D:11     | Found Tuxoipia's Distillery.
 11370 | D:11     | Found Fouf's Antique Armour Boutique.
 11456 | D:11     | Found Ovac's General Store.
 11460 | D:11     | Found Pah Avia's Antique Weapon Boutique.
 11567 | D:11     | Identified the +1 chain mail of Sin {rElec}
 12435 | D:12     | Noticed Psyche
 12439 | D:12     | Killed Psyche
 12539 | D:12     | Noticed a two-headed ogre
 12543 | D:12     | Killed a two-headed ogre
 12678 | D:12     | Found a staircase to the Orcish Mines.
 12731 | D:12     | Received a gift from Trog
 13415 | D:13     | Noticed a seven-headed hydra
 13425 | D:13     | Killed a 13-headed hydra
 13679 | D:13     | Reached XP level 13. HP: 104/122 MP: 12/12
 13740 | D:13     | Noticed Frances
 13750 | D:13     | Killed Frances
 14098 | Lair:1   | Entered Level 1 of the Lair of Beasts
 15058 | Lair:2   | You fall into a shaft and drop 2 floors!
 15606 | Lair:3   | Received a gift from Trog
 15883 | Lair:3   | Found a staircase to the Snake Pit.
 16293 | Lair:2   | Reached XP level 14. HP: 126/133 MP: 13/13
 16728 | Lair:3   | Found a staircase to the Shoals.
 17383 | Lair:4   | Found a viscous altar of Jiyva.
 17383 | Lair:4   | Found a staircase to the Slime Pits.
 17797 | Lair:4   | Received a gift from Trog
 17886 | Lair:5   | Entered Level 5 of the Lair of Beasts
 17917 | Lair:5   | Noticed Kirke
 17928 | Lair:5   | Killed Kirke
 18116 | Lair:5   | Reached skill level 15 in Fighting
 18116 | Lair:5   | Reached skill level 15 in Axes
 18147 | Lair:5   | Reached skill level 15 in Armour
 18916 | Lair:5   | Identified the ring "Ovurgh" {rPois Str+4 Int+6}
 18965 | Lair:5   | Found a corrupted altar of Lugonu.
 18965 | Lair:5   | Found a one-way gate to the infinite horrors of the Abyss.
 19956 | Orc:1    | Entered Level 1 of the Orcish Mines
 19972 | Orc:1    | Reached ****** piety under Trog
 19991 | Orc:1    | Reached skill level 10 in Evocations
 20457 | Orc:2    | Entered Level 2 of the Orcish Mines
 20573 | Orc:2    | Received a gift from Trog
 20656 | Orc:2    | Found Ketti's General Store.
 20951 | Orc:1    | Noticed Hati's ghost (journeyman DsFi)
 20972 | Orc:1    | Found a runed translucent gate.
 20972 | Orc:1    | Found a runed translucent gate.
 21213 | Orc:1    | Found a runed translucent gate.
 21334 | Orc:1    | Noticed Erolcha
 21340 | Orc:1    | Killed Erolcha
 21341 | Orc:1    | Reached XP level 15. HP: 142/144 MP: 14/14
 21482 | Orc:1    | Killed Hati's ghost
 21536 | Orc:2    | Found a staircase to the Elven Halls.
 21699 | Orc:2    | Found Wifewiba's Distillery.
 21761 | Orc:2    | Bought a scroll of enchant armour for 82 gold pieces
 22153 | Orc:2    | Found Canuggekh's Book Shop.
 22153 | Orc:2    | Found Zeahinn's Antique Armour Boutique.
 22153 | Orc:2    | Found a one-way gate leading to the halls of Pandemonium.
 22234 | Orc:2    | Noticed Maurice
 22240 | Orc:2    | Killed Maurice
 22756 | D:13     | Found Nuoc's Armour Shoppe.
 22792 | D:13     | Found Xurau's General Store.
 22825 | D:13     | Received a gift from Trog
 22929 | D:13     | Found Otoocs's Book Shop.
 23116 | D:13     | Found Kusu's Book Boutique.
 23345 | D:14     | Found a gate to the Vaults.
 23533 | D:14     | Found a frozen archway.
 23539 | IceCv    | Entered an ice cave
 23747 | IceCv    | Received a gift from Trog
 23925 | IceCv    | Reached XP level 16. HP: 157/157 MP: 15/15
 24344 | IceCv    | Identified the +1 scimitar of Orghituita {spect, Int+4}
 24994 | D:15     | Entered Level 15 of the Dungeon
 25072 | D:15     | Received a gift from Trog
 25466 | D:15     | Noticed Harold
 25468 | D:15     | Noticed Urug
 25479 | D:15     | Killed Harold
 25480 | D:15     | Killed Urug
 25481 | D:15     | Noticed Erica
 25489 | D:15     | Killed Erica
 25584 | D:15     | Found a staircase to the Depths.
 25918 | Snake:1  | Entered Level 1 of the Snake Pit
 26196 | Snake:1  | Noticed Zonum's ghost (adept DjGl)
 26201 | Snake:1  | Found a runed translucent gate.
 26201 | Snake:1  | Found a runed translucent gate.
 26201 | Snake:1  | Found a runed translucent gate.
 26382 | Snake:1  | Noticed Aizul
 26396 | Snake:1  | Killed Aizul
 26708 | Snake:1  | Noticed Rupert
 26817 | Snake:1  | Killed Rupert
 27061 | Snake:1  | Received a gift from Trog
 27498 | Snake:1  | Killed Zonum's ghost
 27965 | Snake:2  | Noticed Louise
 27969 | Abyss:3  | Cast into level 3 of the Abyss (Louise)
 28073 | Abyss:3  | HP: 4/159 [death drake/foul vapour (6)]
 28073 | Abyss:3  | Mangled by a sixfirhy

Illustrated notes

Levels and vault maps discovered:
D:1:      onia_arrival_mini_maze_b, layout_basic, minmay_crystal_water,
          minmay_split_cup_large
D:2:      layout_basic, serial_co_window_serial, co_window_corner_a,
          co_window_corner_a, co_window_paths_b, co_window_corner_a,
          co_window_paths_a, co_window_corner_a, co_window_corner_a,
          co_window_broadway_a, co_window_corner_b, co_window_corner_ca,
          co_window_broadway_a, co_window_paths_c, co_window_paths_d,
          glass_columns_c, glass_columns_a, glass_columns_a, serial_shops,
          shop_scrolls, kennysheep_generic_room_11
D:3:      layout_basic, pdpol_temple_overflow_zin_treasury_gozag_greed,
          st_stairs_1, minmay_close_crescents
D:4:      layout_basic, mainiacjoe_overflow_alcove_2,
          minmay_temple_entry_statues_pillars, portal_sewer_entry_b
D:5:      layout_layer_cave, uniq_blork_the_orc, uniq_duvessa
D:6:      hangedman_cross_stitches, layout_loops_ring, hex_medium,
          minmay_misc_feat_x, st_stairs_11, columned_hall_lemuel
D:7:      layout_cave_pods, nicolae_wooded_promenade
D:8:      layout_loops_cross, kennysheep_mini_moat,
          mainiacjoe_overflow_catwalk_spiral, enter_bailey_5, uniq_maggie
D:9:      layout_roguey, dpeg_lair_monsters, serial_shops,
          nicolae_shop_window_shopping, kennysheep_little_box,
          amcnicky_mini_rare_corridor_liquid, uniq_joseph, uniq_grum
D:10:     layout_layer_cave, minmay_misc_feat_alley
D:11:     layout_big_octagon, minmay_shop_grid_forest
D:12:     layout_roguey [special_room_orc], david_orc_5, serial_corexii_hall,
          chequers_hall_statues_y, chequers_hall_statues_y, uniq_psyche
D:13:     layout_rooms, serial_shops, nicolae_shop_trees, shop,
          nicolae_shop_window_shopping, shop, minmay_fire_ice_demons,
          uniq_frances
D:14:     layout_basic, david_vaults_2, portal_ice_cave_entry_horrid_things
D:15:     grunt_enter_depths_hoard, layout_small_grid, sword_in_stone
Lair:1:   wad_woods_tower, layout_regular_city, uniq_erica
Lair:2:   layout_cave_pods, serial_bayou_shore_b
Lair:3:   lemuel_slime, layout_long_grid, shoals_dummy_entry,
          guppyfry_snake_entry_island
Lair:4:   layout_regular_city, dpeg_slime_entry_enclosed, forest_entry_grove
Lair:5:   hellmonk_lair_end_abyssal_woods, layout_cave_pods, uniq_kirke
Snake:1:  layout_layer_cave, gammafunk_ghost_split, serial_bayou_pond_a,
          serial_bayou_shore_a, uniq_rupert, uniq_aizul
Snake:2:  layout_layer_cave, uniq_louise, uniq_vashnia, uniq_agnes,
          uniq_asterion
Orc:1:    nicolae_orc_accident_1, layout_caves, gammafunk_ghost_split,
          basic_altar, uniq_erolcha
Orc:2:    pf_orc_diabolical, layout_diamond_mine, basic_altar, uniq_maurice
Abyss:3:  base: Orc:1, hangedman_classic_abyss_death, base:
Orc:1

Skill      XL: |  1  2  3  4  5  6  7  8  9 10 11 12 13 14 15 16 |
---------------+-------------------------------------------------+-----
Fighting       | 4 5 6 8 9 10 11 13 14 16 17 19 | 19.3
Axes           | 4 5 6 7 9 10 11 13 14 16 17 18 | 18.0
Armour         | 3 4 5 6 7 9 10 11 13 14 15 17 19 | 19.1
Dodging        | 3 4 5 6 8 9 10 | 10.1
Shields        | 3 5 9 |  9.2
Evocations     | 2 4 6 8 10 | 10.0

Action                   |  1- 3 |  4- 6 |  7- 9 | 10-12 | 13-15 | 16-18 || total
-------------------------+-------+-------+-------+-------+-------+-------++-------
Melee: Hand axe          |    67 |   189 |    20 |       |       |       ||   276
       Headbutt          |     3 |    26 |    34 |    99 |   226 |    98 ||   486
       Punch             |     1 |     1 |     2 |       |       |       ||     4
       War axe           |       |       |   140 |   119 |       |       ||   259
       Broad axe         |       |       |       |   300 |   872 |   357 ||  1529
Invok: Berserk           |       |     2 |       |     3 |     1 |     1 ||     7
       Trog's Hand       |       |     1 |       |     2 |     1 |     3 ||     7
       Brothers in Arms  |       |       |       |       |       |     1 ||     1
  Use: Scroll            |       |       |    18 |    10 |     3 |     2 ||    33
       Potion            |       |       |       |       |       |     1 ||     1
Armor: Animal skin       |     7 |       |       |       |       |       ||     7
       Ring mail         |    13 |     8 |       |       |       |       ||    21
       Fire dragon scale |       |    69 |    84 |   161 |   289 |   161 ||   764
       Chain mail        |       |    15 |       |       |       |       ||    15
Dodge: Dodged            |    58 |   110 |   105 |   302 |   451 |   170 ||  1196
Block: Buckler           |       |       |       |   227 |   400 |    17 ||   644
       Reflection        |       |       |       |    31 |    15 |       ||    46
       Kite shield       |       |       |       |       |       |   145 ||   145

Table legend: (Time is in decaauts)
 A = Elapsed time spent in this place.
 B = Non-inter-level travel time spent in this place.
 C = Inter-level travel time spent in this place.
 D = Time resting spent in this place.
 E = Time spent auto-exploring this place.
 F = Levels seen in this place.
 G = Mean time per level.
                   A        B        C        D        E       F      G
               +--------+--------+--------+--------+--------+-----+--------+
         Total |  28134 |  26607 |   1527 |   2770 |  18329 |  28 | 1004.8 |
       Dungeon |  15941 |  14899 |   1042 |   1617 |  10497 |  15 | 1062.7 |
          Lair |   6000 |   5694 |    306 |    223 |   4609 |   5 | 1200.0 |
     Snake Pit |   1825 |   1787 |     38 |    121 |   1231 |   2 |  912.5 |
  Orcish Mines |   2442 |   2302 |    140 |    376 |   1407 |   2 | 1221.0 |
         Abyss |    102 |    102 |      0 |      0 |     53 |   1 |  102.0 |
         Sewer |    405 |    405 |      0 |    193 |     47 |   1 |  405.0 |
        Bailey |    376 |    376 |      0 |     49 |    169 |   1 |  376.0 |
      Ice Cave |   1041 |   1041 |      0 |    189 |    313 |   1 | 1041.0 |
               +--------+--------+--------+--------+--------+-----+--------+

Top non-repeatable levels by time:
    D:12: 1831 daAuts
  Lair:5: 1798 daAuts
   Orc:2: 1518 daAuts
 Snake:1: 1494 daAuts
     D:9: 1345 daAuts
     D:8: 1318 daAuts
    D:13: 1318 daAuts
     D:2: 1278 daAuts
  Lair:4: 1230 daAuts
  Lair:3: 1210 daAuts
     D:5: 1198 daAuts
     D:6: 1096 daAuts
     D:7: 1056 daAuts
   IceCv: 1041 daAuts
    D:10: 976 daAuts
